 Dungeon Crawl Stone Soup version 0.25-a0-890-g62861fb (webtiles) character file.

Game seed: 1926714323392712911, levelgen mode: deterministic

97 Faca the Skirmisher (level 4, 0/52 HPs)
             Began as an Ogre Fighter on May 11, 2020.
             Slain by an orc wizard
             ... wielding a +0 dagger
              (2 damage)
             ... on level 3 of the Dungeon.
             The game lasted 00:03:30 (1881 turns).

Faca the Skirmisher (Ogre Fighter)                  Turns: 1881, Time: 00:03:30

Health: 0/52       AC:  3    Str: 21    XL:     4   Next: 68%
Magic:  4/4        EV:  8    Int:  9    God:
Gold:   193        SH:  8    Dex:  8    Spells: 3/3 levels left

rFire    . . .     SeeInvis .   a - +0 trident
rCold    + . .     Gourm    .   c - +0 kite shield
rNeg     . . .     Faith    .   b - +0 robe
rPois    .         Spirit   .   (helmet restricted)
rElec    .         Reflect  .   (no cloak)
rCorr    .         Harm     .   (gloves unavailable)
MR       .....                  (boots unavailable)
Stlth    +.........             (no amulet)
HPRegen  0.17/turn              g - ring of protection from cold
MPRegen  0.09/turn              (no ring)

@: flying
A: large, unfitting armour, tough skin 1
a: no special abilities


You were on level 3 of the Dungeon.
You were not hungry.

You visited 1 branch of the dungeon, and saw 3 of its levels.

You collected 193 gold pieces.

Inventory:

Hand Weapons
 a - a +0 trident (weapon)
Armour
 b - a +0 robe (worn)
 c - a +0 kite shield (worn)
Jewellery
 g - a ring of protection from cold (left hand)
Wands
 l - a wand of iceblast (3)
Scrolls
 e - a scroll of teleportation
 k - a scroll of magic mapping
Potions
 h - a potion of heal wounds {unknown}
 i - a potion of invisibility


   Skills:
 + Level 5.6 Fighting
 + Level 3.6 Polearms
 - Level 2.6 Dodging
 - Level 2.6 Shields


You had 3 spell levels left.
You didn't know any spells.
Your spell library was empty.

Dungeon Overview and Level Annotations

Branches:
Dungeon (3/15)

Altars:
Elyvilon
Wu Jian


Innate Abilities, Weirdness & Mutations

You are too large for most types of armour.
You have tough skin. (AC +1)


Message History

You feel better.
You hear some strange, mumbled words.
A magic dart appears from out of thin air!
The magic dart hits you.
You barely miss something. Something hits you.
You completely miss something. You closely miss something. Something hits you.
* * * LOW HITPOINT WARNING * * *
You closely miss something. Something hits you.
* * * LOW HITPOINT WARNING * * *
Something hits you but does no damage.
You closely miss something.
You hear some strange, mumbled words.
A puff of flame appears from out of thin air!
The puff of flame hits you!
* * * LOW HITPOINT WARNING * * *
It was a potion of flight.
You feel very buoyant.
You fly up into the air.
Something hits you.
You die...

##+######
###........
....>......
.......... #.#
#........ #.#
...... #.#
#########..######
#.#
#....@{ogo.......
#.#
#.########)######
#.# #.# .o. #.#
#.# ...#
..######.# #.#
...#
.......#.###'##
...#
######...##...#
...# #...##...#
...# #...##...#


You could see 2 orcs and a hobgoblin.

Vanquished Creatures
  Jessica (D:2)
  An adder (D:2)
  A worm (D:2)
  A leopard gecko (D:1)
  2 orcs (D:3)
  2 giant cockroaches (D:2)
  6 goblins
  3 hobgoblins
  12 jackals
  7 kobolds
  3 quokkas (D:2)
  A ball python (D:1)
  2 bats (D:1)
  4 frilled lizards
  5 rats
51 creatures vanquished.

Notes
Turn   | Place    | Note
-------+----------+-------------------------------------------
     0 | D:1      | Faca the Ogre Fighter began the quest for the Orb.
     0 | D:1      | Reached XP level 1. HP: 24/24 MP: 1/1
   113 | D:1      | Reached XP level 2. HP: 33/33 MP: 2/2
   502 | D:2      | Reached XP level 3. HP: 41/41 MP: 3/3
   679 | D:2      | Reached skill level 5 in Fighting
   722 | D:2      | Found a white marble altar of Elyvilon.
   870 | D:2      | Reached XP level 4. HP: 16/50 MP: 4/4
  1308 | D:2      | Found an ornate altar of the Wu Jian Council.
  1388 | D:2      | Noticed Jessica
  1391 | D:2      | Killed Jessica
  1880 | D:3      | HP: 2/52 [something/puff of flame (10)]
  1881 | D:3      | Slain by an orc wizard

Levels and vault maps discovered:
D:1:      scummos_arrival_simple_fountains, layout_basic, serial_glass,
          glass_columns_b, glass_columns_b, due_unseen_surprise,
          minmay_strange_pillars
D:2:      layout_basic, marbit_many_paths, elyvilon_altar_5, uniq_jessica
D:3:      layout_basic, lemuel_doored_altar, minmay_misc_feat_plants

Skill      XL: |  1  2  3 |
---------------+----------+-----
Fighting       | 5 |  5.6
Polearms       | 3 |  3.6
Dodging        | |  2.6
Shields        | |  2.6

Action                   |  1- 3 |  4- 6 || total
-------------------------+-------+-------++-------
Melee: Trident           |   143 |    59 ||   202
Evoke: Wand              |       |     1 ||     1
  Use: Scroll            |     4 |     7 ||    11
       Potion            |     2 |     3 ||     5
 Stab: Sleeping          |     1 |       ||     1
  Eat: Ration            |       |     1 ||     1
       Chunk             |       |     1 ||     1
Armor: Robe              |    36 |    10 ||    46
Dodge: Dodged            |    54 |     7 ||    61
Block: Kite shield       |    67 |    18 ||    85

Table legend:
 A = Non-vault XP
 B = Vault XP
 C = Vault XP percentage of total XP
 D = Non-vault monster count
 E = Vault monster count
 F = Vault count percentage of total count
                 A         B        C        D         E       F
            +---------+---------+-------+---------+---------+-------
      Total |     101 |      38 |  27.3 |      49 |       2 |   3.9
            +---------+---------+-------+---------+---------+-------
        D:1 |      33 |       0 |   0.0 |      21 |       0 |   0.0
        D:2 |      58 |      38 |  39.6 |      24 |       2 |   7.7
        D:3 |      10 |       0 |   0.0 |       4 |       0 |   0.0
            +---------+---------+-------+---------+---------+-------
